 Dungeon Crawl Stone Soup version 0.27-a0-899-ge2d0b17c59 (webtiles) character file.

Game seed: 4919821105650684422

182 robertstho the Skirmisher (level 5, 0/55 HPs)
             Began as an Octopode Berserker on Apr 5, 2021.
             Was a Follower of Trog.
             Slain by a phantom (8 damage)
             ... on level 4 of the Dungeon.
             The game lasted 00:02:12 (3155 turns).

robertstho the Skirmisher (Octopode Berserker)      Turns: 3155, Time: 00:02:13

Health: 0/55       AC:  1    Str: 17    XL:     5   Next: 61%
Magic:  5/5        EV: 14    Int: 10    God:    Trog [*.....]
Gold:   176        SH:  0    Dex: 11    Spells: 4/4 levels left

rFire    . . .     SeeInvis .   a - +0 hand axe
rCold    . . .     Faith    .   (no shield)
rNeg     . . .     Spirit   .   (helmet restricted)
rPois    .         Reflect  .   (no amulet)
rElec    .         Harm     .   g - ring of resist corrosion
rCorr    +         Rampage  .   (no ring)
Will     .....                  (no ring)
Stlth    ..........             (no ring)
HPRegen  0.18/turn              (no ring)
MPRegen  0.09/turn              (no ring)
                                (no ring)
                                (no ring)

@: berserking, very quick
A: almost no armour, amphibious, 8 rings, camouflage 1, gelatinous body 1,
(nimble swimmer 1), tentacles
a: Renounce Religion, Berserk


You were on level 4 of the Dungeon.
You worshipped Trog.
Trog was aware of your devotion.
You visited 1 branch of the dungeon, and saw 4 of its levels.

You collected 176 gold pieces.

Inventory:

Hand Weapons
 a - a +0 hand axe (weapon)
Jewellery
 g - a ring of resist corrosion (left tentacle)
Wands
 i - a wand of paralysis (11)
 k - a wand of polymorph (3)
Scrolls
 b - a scroll of torment {unknown}
 c - 3 scrolls of teleportation {unknown}
 e - 2 scrolls of enchant weapon
 l - a scroll of fear {unknown}
 n - 2 scrolls of identify
 o - a scroll of amnesia {unknown}
Potions
 d - a potion of flight
 f - a potion of attraction
 h - a potion of degeneration {unknown}
 j - a potion of mutation {unknown}
 m - a potion of cancellation {unknown}


   Skills:
 * Level 4.0 Fighting
 + Level 3.8 Axes
 * Level 3.9 Dodging
 * Level 3.8 Stealth


You had 4 spell levels left.
You didn't know any spells.
Your spell library was empty.

Dungeon Overview and Level Annotations

Branches:
Dungeon (4/15)
 Temple: D:4-7

Altars:
Qazlal
Ru
Wu Jian


Innate Abilities, Weirdness & Mutations

You cannot wear most types of armour.
You are amphibious.
You can wear up to eight rings at the same time.
Your skin changes colour to match your surroundings (Stealth+).
Your rubbery body absorbs attacks. (AC +1, EV +1)
((You are camouflaged near water. (Stealth+)))
You have tentacles for arms and can constrict up to eight enemies at once.


Message History

Found a stone staircase leading up.
Found a falchion.
e - 2 scrolls of enchant weapon (gained 1)
You now have 170 gold pieces (gained 16).
You open the door.
Found an ornate altar of the Wu Jian Council.
There is an open door here.
You open the door.
There is an open door here.
You now have 176 gold pieces (gained 6).
A phantom comes into view.
Found 8 gold pieces.
A phantom is nearby!
A phantom is nearby!
A phantom is nearby!
A phantom is nearby!
The phantom hits you!
You closely miss the phantom. The phantom misses you.
You hit the phantom but do no damage. The phantom hits you.
You miss the phantom. The phantom completely misses you.
You closely miss the phantom. The phantom hits you.
The phantom blinks!
You blink.
You hit the phantom but do no damage. The phantom barely misses you.
You hit the phantom but do no damage. The phantom barely misses you.
The phantom hits you!
The phantom blinks!
You blink.
You are too injured to fight recklessly!
You are too injured to fight recklessly!
You are too injured to fight recklessly!
You are too injured to fight recklessly!
You are too injured to fight recklessly!
You are too injured to fight recklessly!
A red film seems to cover your vision as you go berserk!
You feel yourself moving faster!
You feel mighty! The phantom hits you!
* * * LOW HITPOINT WARNING * * *
You closely miss the phantom. You closely miss the phantom.
The phantom hits you.
* * * LOW HITPOINT WARNING * * *
The phantom blinks!
You blink.
You closely miss the phantom. The phantom hits you!
You die...

#...........#......#
#...........######...
#............... ...
#................ ..
######.#######...
.######.###..# ...
.............# ..
..........W..##
..........@...#
..............#
......ยง......$#
###############


You could see a phantom.

Vanquished Creatures
  Jessica (D:3)
  Terence (D:3)
  Ijyb (D:3)
  A hound zombie (D:4)
  A gnoll (D:1)
  5 adders
  3 bats
  4 endoplasms
  3 goblins
  2 hobgoblins
  4 jackals (D:2)
  2 quokkas
  3 ball pythons (D:1)
  2 frilled lizards
  3 kobolds
  5 rats
41 creatures vanquished.

Notes
Turn   | Place    | Note
-------+----------+-------------------------------------------
     0 | D:1      | robertstho the Octopode Berserker began the quest for the
                  | Orb.
     0 | D:1      | Reached XP level 1. HP: 16/16 MP: 1/1
   203 | D:1      | Reached XP level 2. HP: 13/21 MP: 2/2
   495 | D:1      | Found a faded altar of an unknown god.
   989 | D:1      | Reached XP level 3. HP: 26/26 MP: 3/3
  1066 | D:1      | Reached skill level 1 in Stealth
  1644 | D:2      | Reached XP level 4. HP: 27/32 MP: 4/4
  1773 | D:2      | Found a stormy altar of Qazlal.
  1782 | D:2      | Reached ** piety under Trog
  2202 | D:3      | Found a sacrificial altar of Ru.
  2276 | D:3      | Noticed Jessica
  2283 | D:3      | Killed Jessica
  2408 | D:3      | Noticed Ijyb
  2420 | D:3      | Killed Ijyb
  2421 | D:3      | Reached XP level 5. HP: 37/37 MP: 5/5
  2812 | D:3      | Noticed Terence
  2825 | D:3      | Killed Terence
  2826 | D:3      | Reached skill level 4 in Fighting
  3120 | D:4      | Found an ornate altar of the Wu Jian Council.
  3139 | D:4      | Noticed a phantom
  3155 | D:4      | Slain by a phantom

Illustrated notes

Levels and vault maps discovered:
D:1:      wheals_arrival_shading, layout_basic, basic_ecumenical_altar
D:2:      layout_loops_cross, basic_altar
D:3:      layout_rooms, hangedman_ru_absence, uniq_ijyb, uniq_terence,
          uniq_jessica
D:4:      layout_gridville, overflow_temple_1_default, serial_shops, shop_statue

Skill      XL: |  1  2  3  4  5 |
---------------+----------------+-----
Stealth        | 1 3 |  3.8
Fighting       | 4 |  4.0
Axes           | |  3.8
Dodging        | |  3.9

Action                   |  1- 3 |  4- 6 || total
-------------------------+-------+-------++-------
Melee: Hand axe          |    50 |    47 ||    97
       Tentacles         |    13 |     9 ||    22
       Constrict         |    17 |     8 ||    25
Invok: Berserk           |     1 |     3 ||     4
  Use: Scroll            |     4 |     1 ||     5
 Stab: Sleeping          |     7 |     4 ||    11
Armor: Skin              |     1 |     2 ||     3
Dodge: Dodged            |    36 |    24 ||    60

Table legend: (Time is in decaauts)
 A = Elapsed time spent in this place.
 B = Non-inter-level travel time spent in this place.
 C = Inter-level travel time spent in this place.
 D = Time resting spent in this place.
 E = Time spent auto-exploring this place.
 F = Levels seen in this place.
 G = Mean time per level.
                   A        B        C        D        E       F      G
               +--------+--------+--------+--------+--------+-----+--------+
         Total |   3195 |   3103 |     92 |    242 |   2523 |   4 |  798.8 |
       Dungeon |   3195 |   3103 |     92 |    242 |   2523 |   4 |  798.8 |
               +--------+--------+--------+--------+--------+-----+--------+

Top non-repeatable levels by time:
     D:1: 1425 daAuts
     D:3: 811 daAuts
     D:2: 786 daAuts
     D:4: 171 daAuts
